Map: Lost and Found LE

Players

Snute - Winner!

  • Race: Zerg Zerg
  • Spawn Location: 7:00

Harstem

  • Race: Protoss Protoss
  • Spawn Location: 1:00

Event: WCS Montreal 2018

VOD

Have the link to the VOD?

Description

Time

  • Played on: Sept. 7, 2018, 7:32 p.m.
  • Length: 10:39

All games in this series

Show
View Real Time Build Order
Export as new Build Order

Snute Zerg - Winner!

Build Orders: Hatch First 

Get SALT Encoding   

  12  0:00  Drone  
  13  0:12  Overlord  
  13  0:16  Drone  
  14  0:30  Drone x2  
  14  0:33  Drone  
  17  0:51  Hatchery  
  17  0:54  Drone  
  17  0:56  Drone  
  18  0:59  Extractor  
  17  1:12  Spawning Pool  
  17  1:15  Drone  
  17  1:18  Drone  
  18  1:29  Drone  
  19  1:39  Overlord  
  19  1:49  Drone  
  20  1:58  Queen  
  20  2:00  Zergling x2  
  23  2:03  Queen  
  23  2:04  Metabolic Boost  
  23  2:08  Drone  
  26  2:12  Drone  
  26  2:14  Drone  
  28  2:21  Drone  
  29  2:25  Drone  
  30  2:31  Drone  
  30  2:34  Queen  
  33  2:42  Hatchery  
  32  2:46  Overlord  
  32  2:48  Zergling x2  
  32  2:50  Zergling x2  
  34  2:56  Drone  
  35  3:03  Spore Crawler  
  34  3:08  Drone x6  
  40  3:18  Overlord  
  40  3:19  Drone  
  41  3:29  Drone, Overlord  
  41  3:30  Spore Crawler  
  41  3:33  Evolution Chamber  
  40  3:42  Drone x5  
  40  3:46  Overlord  
  40  3:48  Drone x2  
  47  3:51  Queen  
  47  3:54  Drone x2  
  51  3:57  Drone  
  51  3:59  Zerg Melee Weapons Level 1  
  52  4:04  Queen  
  52  4:07  Drone x2  
  52  4:09  Drone  
  57  4:14  Drone x2  
  57  4:15  Drone  
  59  4:19  Drone x3  
  59  4:24  Spore Crawler  
  61  4:28  Zergling x8  
  65  4:33  Zergling x2, Overlord  
  66  4:41  Overlord  
  66  4:43  Overlord  
  66  4:44  Lair  
  66  4:47  Extractor, Overlord  
  66  4:50  Drone  
  66  4:58  Zergling x12  
  68  5:03  Zergling x4  
  65  5:11  Zergling x2  
  65  5:12  Zergling x6  
  69  5:14  Zergling x4  
  69  5:18  Drone  
  69  5:19  Drone x2  
  69  5:21  Hatchery  
  73  5:25  Drone x4  
  73  5:26  Drone  
  78  5:30  Baneling Nest  
  78  5:33  Drone x2  
  79  5:36  Drone  
  79  5:37  Drone x3  
  79  5:42  Extractor  
  82  5:48  Drone x3  
  80  5:53  Queen  
  80  5:54  Zerg Melee Weapons Level 2  
  80  5:56  Drone x5  
  80  5:57  Drone  
  88  5:59  Drone  
  88  6:00  Drone  
  88  6:01  Extractor  
  90  6:04  Drone  
  90  6:07  Overlord  
  90  6:10  Drone x2  
  90  6:11  Hatchery  
  91  6:13  Drone x3  
  94  6:21  Overlord  
  94  6:25  Drone x2  
  93  6:30  Extractor  
  93  6:31  Extractor  
  91  6:33  Drone, Hydralisk Den  
  91  6:34  Drone x3  
  91  6:35  Drone x2  
  91  6:36  Drone x3  
  91  6:38  Drone  
  100  6:45  Drone x3, Spore Crawler  
  102  6:49  Centrifical Hooks  
  102  6:54  Drone  
  103  6:57  Zergling x14  
  103  7:00  Hatchery  
  107  7:03  Grooved Spines  
  107  7:05  Zergling x14  
  113  7:11  Infestation Pit  
  113  7:13  Overlord x2  
  112  7:18  Zergling x14  
  112  7:20  Overlord x3  
  117  7:32  Hydralisk  
  117  7:33  Hydralisk x6, Spine Crawler  
  130  7:41  Hydralisk x4  
  130  7:44  Hydralisk x2  
  138  7:51  Hydralisk, Hive  
  142  7:52  Hydralisk  
  146  8:04  Hydralisk x6  
  158  8:13  Zerg Missile Weapons Level 1  
  158  8:14  Zergling x18  
  158  8:15  Zergling x6  
  170  8:23  Zergling x4  
  170  8:24  Zergling x2, Overlord  
  170  8:25  Overlord  
  172  8:30  Overlord  
  172  8:33  Overlord  
  169  8:37  Muscular Augments  
  169  8:43  Overseer  
  169  8:44  Hydralisk x8  
  169  8:47  Overlord  
  185  8:50  Zergling x10  
  185  8:51  Zergling x8  
  193  9:02  Adrenal Glands  
  192  9:13  Zergling x16  
  192  9:14  Baneling  
  192  9:15  Baneling x9  
  200  9:18  Baneling x4  
  200  9:19  Baneling  
  200  9:26  Spine Crawler  
  200  9:28  Baneling x5  
  200  9:29  Spine Crawler  
  198  9:31  Zergling x4  
  198  9:33  Spore Crawler  
  198  9:34  Baneling x4  
  175  9:53  Hydralisk  
  175  9:54  Hydralisk x6  
  175  9:58  Zergling x46  
  195  10:02  Zergling x14  
  185  10:09  Zergling x2  
  185  10:10  Zergling x6  
  185  10:13  Zergling x8  
  183  10:21  Zergling x14  
Show
View Real Time Build Order
Export as new Build Order

Harstem Protoss 

Build Orders: 1 Gate Expand, Oracle Opening, Phoenix Opening, Zealot Archon 

Get SALT Encoding   

  12  0:00  Probe  
  13  0:12  Probe  
  14  0:18  Pylon  
  14  0:24  Probe  
  15  0:32  Probe  
  15  0:38  Gateway  
  15  0:40  Probe  
  16  0:49  Assimilator  
  17  0:51  Probe  
  18  1:03  Probe  
  19  1:14  Pylon  
  19  1:15  Probe  
  20  1:28  Nexus  
  20  1:37  Cybernetics Core  
  20  1:39  Probe  
  21  1:46  Assimilator  
  21  1:52  Probe  
  22  1:55  Pylon  
  22  2:04  Adept, Probe  
  25  2:16  Probe  
  25  2:17  Stargate  
  26  2:28  Probe  
  26  2:29  Warp Gate  
  27  2:32  Adept  
  27  2:36  Probe  
  29  2:40  Probe  
  29  2:44  Probe  
  32  2:52  Probe  
  32  2:54  Phoenix, Probe  
  32  2:57  Gateway  
  34  3:05  Probe  
  37  3:07  Probe, Oracle  
  38  3:13  Pylon  
  38  3:17  Probe  
  42  3:25  Probe  
  43  3:29  Probe  
  43  3:33  Gateway  
  44  3:34  Adept  
  44  3:37  Probe  
  47  3:41  Probe  
  47  3:43  Pylon, Oracle  
  48  3:49  Probe  
  48  3:53  Probe  
  48  3:55  Pylon  
  53  4:01  Assimilator  
  53  4:03  Assimilator, Probe  
  53  4:05  Probe  
  55  4:16  Probe  
  56  4:17  Probe  
  57  4:28  Probe  
  57  4:30  Probe  
  59  4:33  Adept x3  
  65  4:40  Probe  
  65  4:41  Nexus  
  65  4:43  Probe  
  65  4:44  Pylon  
  65  4:45  Pylon  
  67  4:52  Probe  
  68  5:01  Probe  
  68  5:04  Probe  
  66  5:13  Adept, Probe, Zealot, Sentry  
  69  5:14  Forge  
  69  5:15  Probe  
  69  5:18  Robotics Facility  
  69  5:21  Twilight Council, Probe  
  70  5:24  Probe  
  72  5:29  Probe  
  72  5:32  Probe  
  72  5:33  Robotics Facility  
  73  5:39  Probe  
  73  5:40  Shield Battery  
  75  5:42  Probe  
  75  5:45  Zealot x2  
  75  5:47  Zealot  
  82  5:51  Probe  
  82  5:53  Protoss Ground Weapons Level 1, Probe  
  82  5:54  Probe  
  85  5:58  Charge  
  85  6:00  Immortal  
  85  6:03  Probe  
  86  6:07  Probe  
  91  6:12  Shield Battery  
  91  6:13  Probe, Assimilator  
  91  6:16  Templar Archives  
  91  6:17  Assimilator  
  92  6:19  Probe  
  92  6:22  Probe  
  95  6:30  Gateway  
  95  6:31  Gateway, Probe  
  96  6:34  Photon Cannon  
  96  6:36  Observer  
  96  6:38  Gateway  
  95  6:41  Gateway  
  95  6:43  Gateway  
  95  6:46  Immortal, Pylon  
  96  6:51  Immortal  
  96  6:52  Pylon  
  100  7:04  Pylon  
  100  7:05  Pylon  
  100  7:06  Probe  
  105  7:09  Pylon  
  105  7:12  High Templar x3  
  105  7:14  Pylon  
  111  7:20  Archon  
  111  7:21  Probe  
  111  7:22  Warp Prism  
  112  7:25  Gateway  
  112  7:27  Gateway  
  114  7:32  High Templar x2  
  114  7:33  Probe  
  114  7:34  Pylon  
  114  7:37  High Templar, Archon  
  119  7:40  Zealot  
  119  7:42  Archon  
  123  7:46  Pylon, Nexus  
  123  7:47  High Templar x2  
  123  7:48  Zealot x2  
  131  7:51  Archon  
  131  7:58  Probe  
  132  7:59  Probe  
  132  8:00  Pylon  
  132  8:01  Pylon  
  132  8:02  Probe  
  132  8:04  Zealot x3  
  132  8:05  Psionic Storm  
  140  8:10  Pylon, Probe  
  141  8:15  Warp Prism  
  141  8:16  High Templar x2  
  141  8:18  Probe  
  146  8:21  Photon Cannon  
  146  8:22  Shield Battery  
  146  8:25  Assimilator  
  146  8:27  Warp Prism  
  146  8:29  Assimilator  
  146  8:31  Probe  
  146  8:36  High Templar x2  
  146  8:40  Zealot x3  
  157  8:51  Probe  
  150  8:59  Probe  
  150  9:00  Probe  
  148  9:04  Probe  
  148  9:06  Fleet Beacon  
  148  9:08  Probe  
  150  9:10  High Templar, Stargate  
  150  9:14  Photon Cannon  
  150  9:16  Photon Cannon  
  152  9:17  Shield Battery  
  152  9:21  Probe x2  
  154  9:24  Pylon  
  154  9:31  Zealot x5  
  154  9:35  Zealot x2  
  154  9:36  Zealot  
  154  9:37  Zealot  
  168  9:52  Zealot x4  
  166  9:54  Probe  
  166  9:58  Zealot x5  
  166  9:59  Probe  
  149  10:10  Zealot  
  122  10:21  Archon  
  122  10:22  Zealot x5  
  122  10:23  Zealot x4  
  120  10:32  Zealot  
Tags
 
Add a new tag
Caveats
  • Supply blocks, unpowered buildings, or Contaminate may cause inaccurate times.
  • Supply counts are checked every 10 seconds.